[Event "USA Championship 2024"]
[Site "Saint Louis"]
[Date "2024.10.11"]
[Round "1.1"]
[White "Dominguez Perez, Leinier"]
[Black "So, Wesley"]
[Result "1/2-1/2"]
[ECO "C54"]
[WhiteElo "2741"]
[BlackElo "2751"]
[Annotator "TA"]
[PlyCount "86"]
[EventDate "2024.10.09"]
[EventType "tourn"]
[EventCountry "USA"]
[SourceTitle "playchess.com"]
[Source "ChessBase"]
[SourceQuality "1"]
[TimeControl "40/5400+30:1800+30"]

1. e4 e5 2. Nf3 Nc6 3. Bc4 Nf6 4. d3 Bc5 5. c3 d6 6. O-O O-O 7. Re1 a6 8. h3 h6 9. a4 Ba7 10. Nbd2 Qe7 11. b4 Be6 12. Rb1 Qd7 13. b5 Ne7 14. d4 Bxc4 15. Nxc4 exd4 16. cxd4 axb5 17. Rxb5 c6 18. Rb3 d5 19. Nfe5 (19. exd5 $5 cxd5 20. Nce5 Qxa4 21. Rxb7 Qxd1 22. Rxd1 $16) 19... Qd8 20. exd5 cxd5 21. Ne3 {[%emt 0:04:19][%cal Oc1a3] [#] And now Ba3! would win. White has more active pieces.} Qc8 22. Ba3 Re8 23. Qd3 (23. Bxe7 $16 Rxe7 24. Rb5) 23... Nc6 $1 $11 {[%emt 0:03:07] The position is equal.} 24. Rc1 Qe6 25. Rxb7 Nxe5 26. dxe5 Qxe5 27. Rcc7 Bxe3 28. fxe3 Qa1+ 29. Rc1 Qe5 30. Rcc7 Qa1+ 31. Rc1 Qe5 32. Bb2 Qe4 33. Rd1 (33. Qxe4 {simplifies} Nxe4 34. Rf1 f6 35. Ra1) 33... Qxd3 34. Rxd3 Rxa4 35. Bxf6 gxf6 36. Rxd5 {[%emt 0:00:07][%mdl 4096] Endgame. KRR-KRR} Raa8 37. Rdd7 Rab8 38. Rxf7 {[%emt 0:00:12] [#] Strongly threatening Rxb8.} Rxb7 39. Rxb7 Rxe3 {[%emt 0:00:04] KR-KR} 40. Kf2 $1 Ra3 41. Kg1 Re3 42. Kf2 Ra3 43. Kg1 Re3 {[%emt 0:00:09] Weighted Error Value: White=0.07 (flawless) /Black=0.05 (flawless) .  Mistake:       	White=1     	---        Inaccurate:     	White=1     	Black=1      OK:         	White=15    	Black=14     Best:        	---       	Black=2      Strong:       	White=1     	Black=1} 1/2-1/2

[Event "USA Championship 2024"]
[Site "Saint Louis"]
[Date "2024.10.11"]
[Round "1.2"]
[White "Shankland, Sam"]
[Black "Liang, Awonder"]
[Result "1/2-1/2"]
[ECO "D41"]
[WhiteElo "2677"]
[BlackElo "2677"]
[Annotator "TA"]
[PlyCount "69"]
[EventDate "2024.10.09"]
[EventType "tourn"]
[EventCountry "USA"]
[SourceTitle "playchess.com"]
[Source "ChessBase"]
[SourceQuality "1"]
[TimeControl "40/5400+30:1800+30"]

1. d4 d5 2. c4 e6 3. Nf3 Nf6 4. g3 c5 5. Bg2 cxd4 6. O-O Be7 7. cxd5 Nxd5 8. Nxd4 O-O 9. Nc3 Nxc3 10. bxc3 e5 11. Nc2 Nc6 12. Ne3 Be6 13. Qa4 Bc5 14. Rb1 Bxe3 15. Bxe3 Qc7 16. Rfd1 Rac8 17. c4 (17. Bxa7 $2 {too greedy.} b5 18. Rxb5 Qxa7 (18... Nxa7 19. Rb7 $14) 19. Qxa7 Nxa7 $19) 17... h6 18. h4 Rfd8 19. Bd5 Re8 (19... Bf5 $11 {keeps the balance.}) 20. Rd2 {[%emt 0:06:47] White has more active pieces.} b6 21. Rbd1 Bf5 22. c5 bxc5 23. Bxc5 Red8 24. g4 ({White should try} 24. Bg2 $14) 24... Nd4 $1 $11 {[%emt 0:03:38] The position is equal.} 25. Bxd4 Rxd5 26. gxf5 exd4 27. f6 {[%emt 0:00:35] Prevents Qe7} (27. Rxd4 {simplifies} Rxf5 28. Qd7 Qxd7 29. Rxd7 Rc2 30. R1d2) 27... Rf5 28. fxg7 Rxf2 29. Kxf2 Qf4+ 30. Kg2 Qg4+ 31. Kf1 Qf4+ 32. Kg2 Qg4+ 33. Kf1 Qf4+ 34. Kg2 Qg4+ 35. Kf1 {[%emt 0:00:13] Weighted Error Value: White=0.06 (flawless) /Black=0.07 (flawless) .  Mistake:       	White=1     	Black=1      Inaccurate:     	White=1     	Black=1      OK:         	White=11    	Black=13     Strong:       	---       	Black=1} 1/2-1/2

[Event "USA Championship 2024"]
[Site "Saint Louis"]
[Date "2024.10.11"]
[Round "1.3"]
[White "Niemann, Hans Moke"]
[Black "Caruana, Fabiano"]
[Result "1/2-1/2"]
[ECO "C50"]
[WhiteElo "2733"]
[BlackElo "2796"]
[Annotator "RC"]
[PlyCount "143"]
[EventDate "2024.10.09"]
[EventType "tourn"]
[EventCountry "USA"]
[SourceTitle "playchess.com"]
[Source "ChessBase"]
[SourceQuality "1"]
[TimeControl "40/5400+30:1800+30"]

1. e4 e5 2. Nf3 Nc6 3. Bc4 Bc5 4. O-O d6 5. c3 Bb6 6. d3 h6 7. Re1 Qf6 8. b4 Nge7 9. a4 a5 10. b5 Nd8 11. Be3 Ne6 12. Nbd2 Nf4 13. d4 Bg4 14. h3 Bh5 15. Bf1 O-O 16. Rc1 Ne6 17. g4 Bg6 18. Nxe5 dxe5 19. dxe5 Qxe5 20. Nf3 Qxe4 21. Bxb6 Rad8 22. Nd4 Qf4 23. Bxa5 b6 24. Bb4 Nxd4 25. cxd4 Rxd4 26. Qe2 Rxb4 27. Qxe7 Rxa4 28. Qxc7 h5 29. Qxf4 Rxf4 30. gxh5 Bxh5 31. Rc6 Rb8 32. Re7 Kf8 33. Ra7 Re4 34. Kg2 Re7 35. Ra6 Reb7 36. Kg3 f6 37. Bg2 Be8 38. Re6 Bd7 39. Bxb7 Bxe6 40. Bc6 Kf7 41. Ra7+ Kg6 42. Re7 Bc4 43. h4 Kh6 44. f3 Bd3 45. Rd7 Bf5 46. Rd6 Bc2 47. Bd5 Bd3 48. Bf7 Bf1 49. Kf2 Rf8 50. Kxf1 Rxf7 51. Kf2 Kh5 52. Kg3 Rb7 53. Rd5+ Kh6 54. Kg4 Rc7 55. Rd6 Rc4+ 56. f4 Rb4 57. Rxb6 g6 58. Rxf6 Rxb5 59. Re6 Ra5 60. Re5 Ra1 61. f5 gxf5+ 62. Rxf5 Ra4+ 63. Rf4 Rxf4+ 64. Kxf4 Kh5 65. Kg3 Kh6 66. Kg4 Kh7 67. Kg5 Kh8 68. Kg6 Kg8 69. h5 Kh8 70. h6 Kg8 71. h7+ Kh8 72. Kh6 1/2-1/2

[Event "USA Championship 2024"]
[Site "Saint Louis"]
[Date "2024.10.11"]
[Round "1.4"]
[White "Aronian, Levon"]
[Black "Sevian, Samuel"]
[Result "1/2-1/2"]
[ECO "C07"]
[WhiteElo "2738"]
[BlackElo "2689"]
[Annotator "TA"]
[PlyCount "51"]
[EventDate "2024.10.09"]
[EventType "tourn"]
[EventCountry "USA"]
[SourceTitle "playchess.com"]
[Source "ChessBase"]
[SourceQuality "1"]
[TimeControl "40/5400+30:1800+30"]

1. e4 e6 2. d4 d5 3. Nd2 c5 4. exd5 Qxd5 5. Ngf3 cxd4 6. Bc4 Qd7 {[%emt 0:00:07] The position is equal.} 7. O-O {[%emt 0:00:50][%mdl 1024] White has compensation.} Nc6 8. Nb3 a6 9. a4 Nf6 10. Qe2 Bd6 11. Rd1 e5 12. Nbxd4 Nxd4 13. Rxd4 Qe7 {[%emt 0:00:03] [#]} 14. Rxd6 Qxd6 15. b3 {[%emt 0:00:06][%cal Oc1a3] Strongly threatening Ba3!} e4 {[%emt 0:00:06] ...Be6 would now be deadly.} 16. Ba3 Qf4 17. Qe1 Be6 {[%emt 0:09:32] [#] White must now prevent ...Bxc4.} 18. Qa5 $1 {[%emt 0:00:53][%cal Oa5c5] Hoping for Qc5!} Rd8 $1 (18... exf3 $2 {is the wrong capture.} 19. Qc5 Kd8 20. Qe7+ Kc8 21. Bxe6+ (21. Bd6 Qxd6 22. Qxd6 Bxc4 $18) 21... fxe6 22. Bd6 $18 (22. Qxg7 $2 Rg8 $19) (22. Qxg7 $2 Rg8 $19)) 19. Qc5 Nd5 {[%emt 0:00:20] Against Qe7+} ({Wrong is} 19... Rd7 $2 20. Qc8+ Rd8 21. Qxb7 $18) 20. Bxd5 Qf6 {[%emt 0:00:06] Repels Qe7+} 21. Bc6+ $1 bxc6 22. Qxc6+ Rd7 23. Qa8+ Rd8 $1 24. Qc6+ Rd7 25. Qa8+ Rd8 $1 26. Qc6+ {[%emt 0:00:16] An uneventful encounter.   Weighted Error Value: White=0.02 (flawless) /Black=0.01 (flawless) .  OK:         	White=10    	Black=8      Best:        	White=3     	Black=4      Strong:       	White=2     	Black=3} 1/2-1/2

[Event "USA Championship 2024"]
[Site "Saint Louis"]
[Date "2024.10.11"]
[Round "1.5"]
[White "Robson, Ray"]
[Black "Oparin, Grigoriy"]
[Result "1/2-1/2"]
[ECO "E49"]
[WhiteElo "2693"]
[BlackElo "2662"]
[Annotator "TA"]
[PlyCount "110"]
[EventDate "2024.10.09"]
[EventType "tourn"]
[EventCountry "USA"]
[SourceTitle "playchess.com"]
[Source "ChessBase"]
[SourceQuality "1"]
[TimeControl "40/5400+30:1800+30"]

1. d4 Nf6 2. c4 e6 3. Nc3 Bb4 4. e3 O-O 5. Bd3 d5 6. a3 Bxc3+ 7. bxc3 c6 8. Ne2 b6 9. f3 Ba6 10. cxd5 Bxd3 11. Qxd3 {[%emt 0:00:05] Threatens to win with dxe6.} cxd5 12. e4 Nc6 13. O-O Qd7 14. c4 dxc4 15. Qxc4 Rac8 16. Bg5 e5 17. d5 (17. Bxf6 Nxd4 18. Qd3 gxf6 $15) 17... Nd4 18. Qd3 Nxe2+ 19. Qxe2 Ne8 20. Bd2 Nd6 21. Bb4 a5 22. Bxd6 Qxd6 23. Qb2 Rc5 24. h3 Rfc8 25. Rfc1 h5 26. Kh2 f5 27. Rxc5 $14 (27. exf5 e4+ (27... Qxd5 28. Re1 $11) 28. Kh1 exf3 (28... Qxd5 29. Rxc5 bxc5 30. fxe4 $11) (28... Rxc1+ 29. Rxc1 Rxc1+ 30. Qxc1 $15) 29. Rxc5 fxg2+ (29... bxc5 30. Rd1 $17) 30. Kxg2 Rxc5 $17 (30... bxc5 31. Rd1 $17)) 27... Rxc5 {[%emt 0:02:30][%mdl 4096] Endgame. KQR-KQR} 28. Rb1 (28. exf5 e4+ (28... Qxd5 29. Qxb6 e4 30. Re1 $16) (28... Rxd5 29. Kh1 $11) 29. Kg1 Qxd5 (29... exf3 30. Rd1 $15) 30. fxe4 Qxe4 $11) 28... fxe4 $1 29. fxe4 Qf6 30. Qe2 (30. Kh1 $16) 30... Rc1 $11 {[%emt 0:01:27] The position is equal.} 31. Rxc1 {[%emt 0:00:49] [#] Intending Rc8+ and mate.} Qf4+ 32. g3 Qxc1 {[%emt 0:00:05] KQ-KQ} 33. d6 Kf8 $1 34. Qf3+ (34. Qxh5 Qd2+ 35. Kh1 Qxd6) 34... Ke8 $1 35. Qxh5+ Kd7 36. Qf7+ Kxd6 37. Qd5+ Ke7 38. Qxe5+ Kf7 39. Qd5+ ({Avoid the trap} 39. Qf4+ $2 Qxf4 40. gxf4 b5 $19) 39... Ke7 40. Qe5+ Kf7 41. Qd5+ ({Wrong is} 41. Qf4+ $2 Qxf4 42. gxf4 b5 $19) 41... Ke7 42. Qb7+ Kf8 43. Qxb6 {[%emt 0:02:43] [#] Hoping for Qb8+.} Qxa3 44. h4 a4 45. e5 Qa2+ 46. Kh3 Qc4 47. Qd8+ Kf7 48. Qd7+ Kf8 49. e6 Qf1+ 50. Kg4 Qe2+ 51. Kf4 (51. Kh3 $5 Qf1+ $8 52. Kg4 Qe2+ 53. Kf4 Qf2+ 54. Ke4 Qg2+ 55. Ke5 Qxg3+ 56. Kd5 Qb3+ 57. Kc5 Qa3+ 58. Kb5 $11) 51... Qf2+ 52. Ke4 Qg2+ 53. Kf4 Qf2+ 54. Ke4 Qg2+ 55. Kf4 Qf2+ {[%emt 0:00:14] Weighted Error Value: White=0.04 (flawless) /Black=0.05 (flawless) .  Mistake:       	White=1     	Black=1      Inaccurate:     	White=3     	Black=3      OK:         	White=12    	Black=26     Best:        	---       	Black=4      Strong:       	---       	Black=3} 1/2-1/2

[Event "USA Championship 2024"]
[Site "Saint Louis"]
[Date "2024.10.11"]
[Round "1.6"]
[White "Mishra, Abhimanyu"]
[Black "Yoo, Christopher Woojin"]
[Result "1/2-1/2"]
[ECO "C43"]
[WhiteElo "2630"]
[BlackElo "2590"]
[Annotator "TA"]
[PlyCount "63"]
[EventDate "2024.10.09"]
[EventType "tourn"]
[EventCountry "USA"]
[SourceTitle "playchess.com"]
[Source "ChessBase"]
[SourceQuality "1"]
[TimeControl "40/5400+30:1800+30"]

1. e4 e5 2. Nf3 Nf6 3. d4 Nxe4 4. Bd3 Nc6 5. Nxe5 Nxe5 6. dxe5 Nc5 7. Bc4 d6 8. Qf3 {[%emt 0:04:09][%csl Gc4][%cal Rf3f7] [#] Weiß hat minimalen Vorteil.} Ne6 9. exd6 Bxd6 10. Nc3 O-O 11. Be3 {[%emt 0:01:29] Verhindert Nd4.} Bc5 12. Bd3 Bxe3 13. Qxe3 Qd6 14. O-O-O {[%emt 0:03:40][%cal Od3h7] [#] Und Bxh7+! würde nun gewinnen.} Qf4 $1 15. Rhe1 Qxe3+ 16. Rxe3 {[%emt 0:01:27] Schwarz ist schwach auf den weissen Feldern} Rd8 $1 {[%emt 0:01:15] Verhindert Nd5.} 17. Bc4 {[%emt 0:16:19] Und jetzt Rxd8+ wäre schön.} Rxd1+ {[%emt 0:02:42] Die Stellung ist ausgeglichen.} 18. Kxd1 Kf8 19. Nb5 Bd7 20. Bxe6 Bxb5 $11 {[%emt 0:00:16][%mdl 4096] Endspiel. KRB-KRB} 21. Bg4 Rd8+ 22. Ke1 Bc6 23. Bf3 Bxf3 24. Rxf3 {[%emt 0:00:09] KR-KR} Rd6 25. Ke2 Ke7 26. Re3+ Kd7 27. Rd3 Ke7 28. Re3+ Kd7 29. Rd3 Ke7 30. Re3+ Kd7 31. Rd3 Ke7 32. Re3+ {[%emt 0:00:23] Gewichteter Fehlerwert: Weiß=0.02 (makellos) /Schwarz=0.01 (makellos) .  Ungenau:       	Weiß=1     	---        OK:         	Weiß=9     	Schwarz=18    Stark:        	---       	Schwarz=2} 1/2-1/2